Map: Romanticide LE

Players

MaSa - Winner!

  • Race: Terran Terran

MCanning

  • Race: Protoss Protoss

Event: DreamHack SC2 Masters 2021 Fall

VOD

Have the link to the VOD?

Description

Time

  • Played on: Aug. 4, 2021, 3:26 p.m.
  • Length: 13:19

All games in this series

Show
View Real Time Build Order
Export as new Build Order

MaSa Terran - Winner!

Build Orders:  

Get SALT Encoding   

  12  0:00  SCV  
  13  0:12  SCV  
  14  0:17  Supply Depot  
  14  0:24  SCV  
  15  0:38  SCV  
  15  0:40  Barracks  
  16  0:42  Refinery  
  16  0:50  SCV  
  17  1:03  SCV  
  18  1:15  SCV  
  19  1:27  Marine, Orbital Command  
  20  1:45  Command Center  
  20  1:54  Factory  
  20  1:58  SCV  
  21  2:02  Barracks Reactor  
  21  2:07  Supply Depot  
  21  2:11  SCV  
  22  2:16  Refinery  
  22  2:23  SCV  
  23  2:35  SCV  
  24  2:39  Marine, Starport, Hellion  
  24  2:40  Marine  
  28  2:47  Bunker  
  28  2:50  SCV  
  29  2:57  Orbital Command  
  29  3:02  Hellion  
  32  3:05  SCV  
  32  3:14  Marine x2  
  32  3:16  Medivac  
  36  3:23  Hellion  
  36  3:24  SCV  
  36  3:26  SCV  
  40  3:31  Supply Depot  
  40  3:35  Marine  
  40  3:36  SCV  
  40  3:39  SCV  
  43  3:45  Widow Mine  
  45  3:48  SCV  
  45  3:50  Supply Depot  
  45  3:53  SCV  
  45  3:54  Marine  
  45  3:55  Marine  
  49  4:00  SCV  
  50  4:05  SCV  
  50  4:09  Barracks  
  51  4:11  Barracks  
  51  4:14  SCV  
  50  4:21  Marine x2, SCV  
  53  4:28  SCV  
  52  4:33  SCV  
  52  4:35  Command Center  
  53  4:39  Marine  
  53  4:41  SCV  
  53  4:45  Engineering Bay  
  55  4:53  SCV  
  55  4:54  SCV  
  57  5:00  Supply Depot  
  57  5:04  Marine x2  
  57  5:05  SCV, Barracks Tech Lab  
  59  5:07  Bunker  
  59  5:08  Supply Depot  
  59  5:09  SCV  
  60  5:14  Barracks Tech Lab  
  60  5:16  Terran Infantry Weapons Level 1  
  60  5:18  SCV, Missile Turret  
  60  5:19  Refinery  
  58  5:21  SCV  
  58  5:26  Marine, Stimpack  
  58  5:27  Starport Reactor  
  60  5:30  SCV  
  60  5:32  Marine x2  
  60  5:33  SCV  
  60  5:34  Marauder  
  66  5:40  Combat Shield  
  66  5:42  Refinery, SCV  
  67  5:46  SCV  
  67  5:47  Marauder  
  67  5:48  Orbital Command  
  70  5:54  SCV  
  70  5:55  Marine x2  
  70  5:56  Marauder  
  75  5:59  SCV  
  75  6:02  Factory Reactor  
  75  6:03  Medivac x2  
  80  6:06  SCV  
  80  6:09  Supply Depot  
  80  6:10  Marauder  
  83  6:12  Barracks  
  83  6:14  Barracks  
  83  6:17  SCV, Marauder  
  86  6:19  Orbital Command  
  86  6:21  SCV  
  86  6:22  Supply Depot  
  86  6:23  Supply Depot  
  87  6:29  SCV  
  87  6:31  Marine x2  
  90  6:33  SCV  
  90  6:36  Marauder  
  90  6:39  Medivac x2  
  97  6:41  SCV  
  97  6:42  Widow Mine  
  97  6:44  SCV, Widow Mine  
  97  6:45  SCV  
  104  6:48  Supply Depot  
  104  6:49  Marine  
  104  6:50  Marine, Marauder  
  104  6:53  SCV  
  109  7:00  SCV x2  
  111  7:04  Barracks Tech Lab, Marauder  
  111  7:05  Barracks Reactor, SCV, Widow Mine  
  116  7:09  Supply Depot  
  116  7:10  Widow Mine  
  116  7:11  Terran Infantry Armor Level 1  
  116  7:12  Supply Depot  
  116  7:15  Medivac  
  120  7:16  SCV  
  120  7:17  SCV  
  120  7:20  Refinery  
  121  7:32  Marine x2, Marauder x2  
  121  7:34  Widow Mine x2  
  131  7:41  Marine  
  131  7:42  SCV x2, Concussive Shells, Marauder  
  136  7:49  Marine x2  
  136  7:50  SCV  
  129  7:53  Marauder  
  129  7:54  Marauder  
  131  8:01  Marine x2  
  131  8:02  Widow Mine x2  
  131  8:03  Marauder  
  124  8:08  SCV x2  
  124  8:09  Marine  
  124  8:11  SCV  
  128  8:13  Medivac x2  
  128  8:14  Command Center  
  128  8:15  Marauder x2  
  128  8:16  Marine  
  129  8:20  SCV  
  129  8:21  SCV  
  129  8:25  Supply Depot, Widow Mine x2, Marauder  
  137  8:32  SCV  
  138  8:36  Marauder  
  138  8:37  Marine  
  138  8:38  Marine  
  138  8:40  Supply Depot  
  140  8:43  Supply Depot, SCV  
  140  8:46  Marauder x2  
  140  8:47  Medivac, Engineering Bay, Armory  
  140  8:48  Medivac  
  149  8:56  Supply Depot  
  149  9:01  Refinery  
  149  9:02  Marine x2, SCV x3, Marauder  
  156  9:08  Marauder x2  
  156  9:09  Marine x2  
  162  9:10  Widow Mine  
  162  9:13  Supply Depot  
  162  9:14  SCV  
  165  9:17  Sensor Tower  
  165  9:18  Widow Mine  
  165  9:21  Marine x2  
  165  9:24  Marauder  
  171  9:27  Marine  
  171  9:29  Marauder x2  
  176  9:36  Medivac x2  
  173  9:39  Marine x3  
  173  9:43  SCV x2  
  173  9:45  Marine, Marauder  
  172  9:51  Marauder x2  
  176  9:57  Marine  
  176  9:59  Marine x2  
  174  10:02  Marine  
  174  10:03  SCV, Widow Mine x2  
  174  10:06  Medivac x2  
  174  10:07  Marauder  
  180  10:12  Marauder x2  
  181  10:14  Marine  
  181  10:16  Marine, SCV x2  
  181  10:17  Marine  
  181  10:20  Marine  
  171  10:25  Widow Mine x2  
  171  10:28  Terran Infantry Weapons Level 2, Marauder  
  174  10:29  SCV  
  174  10:32  Marine  
  174  10:33  Marauder x2  
  174  10:34  Marine  
  172  10:48  Marine  
  172  10:49  Marauder  
  154  10:51  Marine x2, SCV  
  154  10:52  Marine, Planetary Fortress  
  154  10:55  Marauder x2  
  154  10:57  Terran Infantry Armor Level 2  
  156  11:01  Widow Mine x2  
  154  11:06  Marine  
  154  11:11  Marauder  
  149  11:13  Marine, Missile Turret  
  149  11:14  Marine  
  149  11:16  Marauder x2  
  135  11:27  Marine x2, SCV x3  
  135  11:32  Marauder  
  140  11:36  Viking x2  
  140  11:38  Marauder  
  141  11:41  SCV x2  
  141  11:45  Marine x3, Marauder, Missile Turret  
  146  11:47  Bunker  
  146  11:48  Barracks  
  146  11:49  Widow Mine x2  
  146  11:50  Barracks  
  146  11:51  Barracks  
  146  11:52  SCV x2  
  152  12:00  Marine x2, Marauder  
  153  12:03  Marine, SCV x2  
  151  12:09  Marine  
  151  12:10  Marine, Widow Mine, Marauder  
  151  12:11  SCV, Widow Mine  
  160  12:18  Marine, Marauder  
  160  12:20  Viking  
  160  12:22  Marauder  
  167  12:26  Marine  
  168  12:31  SCV x3, Marauder  
  173  12:40  Viking  
  173  12:43  Marine  
  173  12:44  Marauder  
  178  12:45  Marine x3, Marauder  
  178  12:49  SCV  
  160  12:53  Marauder  
  149  13:03  SCV x2  
  146  13:13  Barracks Reactor, Barracks Tech Lab  
  146  13:15  Barracks Tech Lab  
Show
View Real Time Build Order
Export as new Build Order

MCanning Protoss 

Build Orders: 1 Gate Expand, Blink Stalkers 

Get SALT Encoding   

  12  0:00  Probe  
  13  0:12  Probe  
  14  0:17  Pylon  
  14  0:24  Probe  
  15  0:36  Gateway, Probe (Chrono Boost)  
  16  0:46  Assimilator, Probe (Chrono Boost)  
  17  0:51  Probe (Chrono Boost)  
  18  1:03  Probe  
  19  1:15  Probe  
  20  1:23  Nexus  
  20  1:33  Cybernetics Core  
  20  1:36  Probe  
  21  1:46  Pylon  
  21  1:48  Probe  
  21  1:52  Assimilator  
  21  2:00  Probe (Chrono Boost)  
  22  2:07  Adept (Chrono Boost)  
  22  2:10  Warp Gate  
  22  2:12  Probe (Chrono Boost)  
  25  2:20  Probe (Chrono Boost)  
  26  2:26  Probe (Chrono Boost)  
  26  2:29  Twilight Council  
  27  2:35  Stalker  
  29  2:38  Probe (Chrono Boost)  
  31  2:45  Probe (Chrono Boost)  
  31  2:47  Probe (Chrono Boost)  
  33  2:52  Probe x2 (Chrono Boost)  
  34  3:00  Blink (Chrono Boost)  
  34  3:03  Probe  
  34  3:04  Probe  
  36  3:15  Probe  
  36  3:16  Probe  
  38  3:22  Gateway  
  38  3:24  Gateway  
  38  3:27  Probe  
  38  3:28  Probe  
  38  3:29  Robotics Facility  
  40  3:36  Pylon  
  40  3:39  Probe  
  41  3:41  Probe  
  41  3:44  Assimilator  
  42  3:51  Probe  
  42  3:53  Probe  
  44  3:58  Sentry  
  46  4:03  Pylon, Probe  
  46  4:09  Probe  
  39  4:17  Pylon  
  39  4:20  Stalker x2  
  38  4:26  Nexus  
  38  4:27  Probe  
  38  4:30  Probe  
  38  4:39  Probe  
  38  4:43  Charge (Chrono Boost), Probe  
  40  4:51  Probe  
  41  4:54  Pylon  
  41  4:55  Probe  
  41  4:58  Zealot  
  43  5:03  Probe (Chrono Boost)  
  43  5:06  Observer  
  44  5:12  Probe (Chrono Boost)  
  43  5:15  Probe (Chrono Boost)  
  43  5:20  Probe (Chrono Boost)  
  43  5:21  Probe (Chrono Boost)  
  44  5:23  Sentry  
  47  5:30  Observer, Probe (Chrono Boost)  
  47  5:31  Probe (Chrono Boost)  
  50  5:37  Gateway  
  50  5:39  Gateway  
  50  5:42  Probe (Chrono Boost)  
  53  5:43  Probe (Chrono Boost)  
  53  5:44  Probe (Chrono Boost)  
  54  5:50  Probe (Chrono Boost)  
  54  5:52  Observer, Probe (Chrono Boost)  
  56  5:57  Probe  
  56  5:59  Shield Battery  
  56  6:03  Robotics Bay, Probe  
  58  6:09  Probe  
  58  6:10  Immortal (Chrono Boost)  
  59  6:16  Probe  
  59  6:17  Probe  
  65  6:21  Stalker  
  65  6:24  Stalker  
  69  6:26  Observer, Probe  
  69  6:29  Probe  
  71  6:33  Zealot  
  71  6:35  Probe  
  71  6:38  Probe  
  75  6:42  Probe  
  75  6:43  Zealot x2  
  80  6:47  Pylon, Probe  
  80  6:49  Disruptor (Chrono Boost)  
  80  6:51  Probe  
  85  6:58  Shield Battery  
  85  7:05  Probe  
  85  7:06  Probe x2  
  85  7:08  Pylon  
  88  7:10  Forge  
  88  7:11  Gateway  
  88  7:16  Disruptor (Chrono Boost)  
  88  7:20  Zealot  
  93  7:23  Pylon  
  93  7:29  Probe  
  94  7:31  Stalker x3  
  94  7:34  Probe  
  101  7:41  Probe  
  102  7:47  Zealot  
  102  7:48  Zealot  
  93  8:01  Disruptor  
  93  8:02  Zealot  
  93  8:03  Zealot x2  
  99  8:06  Probe (Chrono Boost)  
  99  8:08  Probe (Chrono Boost)  
  95  8:14  Probe (Chrono Boost)  
  95  8:18  Probe (Chrono Boost)  
  97  8:23  Probe (Chrono Boost)  
  97  8:25  Probe x2 (Chrono Boost)  
  97  8:26  Forge  
  99  8:30  Probe, Dark Shrine  
  99  8:32  Probe  
  101  8:36  Probe  
  101  8:41  Zealot  
  101  8:46  Pylon  
  101  8:48  Pylon  
  101  8:49  Pylon  
  101  8:52  Protoss Ground Weapons Level 1 (Chrono Boost), Pylon  
  101  8:53  Pylon  
  101  9:03  Colossus  
  101  9:06  Probe x3 (Chrono Boost)  
  110  9:10  Assimilator  
  110  9:13  Zealot x3  
  110  9:16  Assimilator, Pylon  
  110  9:17  Zealot  
  121  9:18  Probe (Chrono Boost)  
  121  9:20  Probe x2 (Chrono Boost)  
  121  9:26  Stalker x2  
  121  9:28  Probe  
  126  9:33  Zealot x3  
  126  9:34  Probe  
  126  9:38  Zealot  
  119  9:47  Probe  
  116  9:54  Zealot x2  
  116  9:55  Zealot x3  
  116  9:57  Colossus (Chrono Boost)  
  116  9:58  Zealot  
  118  10:15  Probe  
  119  10:25  Forge  
  119  10:28  Dark Templar  
  113  10:29  Dark Templar  
  113  10:31  Dark Templar  
  113  10:34  Zealot x3  
  122  10:39  Probe  
  123  10:45  Disruptor (Chrono Boost)  
  123  10:48  Probe  
  115  10:50  Probe  
  115  10:51  Pylon  
  115  10:56  Pylon  
  112  11:01  Stalker x4  
  112  11:02  Nexus  
  112  11:04  Pylon  
  110  11:11  Protoss Ground Armor Level 1 (Chrono Boost)  
  108  11:16  Colossus (Chrono Boost)  
  112  11:21  Dark Templar  
  112  11:28  Zealot x4, Probe  
  112  11:29  Zealot  
  112  11:30  Probe  
  122  11:37  Pylon  
  122  11:38  Pylon  
  120  11:40  Pylon  
  116  11:50  Probe  
  116  11:51  Nexus  
  116  11:53  Pylon  
  117  12:00  Observer, Stalker x3  
  117  12:01  Disruptor (Chrono Boost)  
  123  12:07  Dark Templar  
  128  12:14  Gateway  
  128  12:15  Dark Templar  
  128  12:17  Probe  
  128  12:19  Shield Battery  
  128  12:20  Photon Cannon  
  128  12:21  Robotics Facility  
  129  12:22  Pylon  
  129  12:27  Sentry  
  129  12:28  Stalker x2  
  135  12:32  Pylon, Probe  
  135  12:37  Dark Templar  
  130  12:49  Zealot x2  
  128  12:58  Zealot x3  
  75  13:12  Zealot x2  
  75  13:13  Zealot x2  

Tags
 
Add a new tag
Caveats
  • Supply blocks, unpowered buildings, or Contaminate may cause inaccurate times.
  • Supply counts are checked every 10 seconds.